 Dungeon Crawl Stone Soup version 0.26.1-11-gd32895ea62 (webtiles) character file.

Game seed: 1980772505417962134

229 ABBCCCDDDD the Sneak (level 5, -2/28 HPs)
             Began as a Deep Elf Air Elementalist on July 16, 2021.
             Slain by an orc wizard
             ... wielding a +0 dagger
              (5 damage)
             ... on level 3 of the Dungeon.
             The game lasted 00:11:32 (3605 turns).

ABBCCCDDDD the Sneak (Deep Elf Air Elementalist)    Turns: 3605, Time: 00:11:32

Health: -2/28      AC:  4    Str:  5    XL:     5   Next: 71%
Magic:  11/11      EV: 14    Int: 21    God:
Gold:   106        SH:  0    Dex: 15    Spells: 4/10 levels left

rFire    . . .     SeeInvis .   i - +0 dagger
rCold    . . .     Faith    .   (no shield)
rNeg     . . .     Spirit   .   a - +0 robe
rPois    .         Reflect  .   x - +0 helmet
rElec    .         Harm     .   o - +0 cloak
rCorr    .         Rampage  .   (no gloves)
Will     .....                  (no boots)
Stlth    +.........             (no amulet)
HPRegen  0.09/turn              (no ring)
MPRegen  0.12/turn              (no ring)

@: confused
A: no striking features
a: no special abilities


You were on level 3 of the Dungeon.
You visited 1 branch of the dungeon, and saw 3 of its levels.

You collected 106 gold pieces.

Inventory:

Hand Weapons
 i - a +0 dagger (weapon)
 q - a +2 long sword of protection
 w - a +1 dagger of draining
Missiles
 u - 8 poisoned darts
Armour
 a - a +0 robe (worn)
 o - a +0 cloak (worn)
 x - a +0 helmet (worn)
Jewellery
 n - a cursed amulet of inaccuracy {unknown}
Wands
 t - a wand of flame (18)
Scrolls
 b - a scroll of amnesia {unknown}
 c - 2 scrolls of enchant weapon {unknown}
 f - a scroll of teleportation {unknown}
 g - 2 scrolls of identify {unknown}
 j - a scroll of magic mapping {unknown}
 m - 2 scrolls of fear {unknown}
 r - 2 scrolls of blinking {unknown}
 v - 2 scrolls of remove curse {unknown}
Potions
 d - a potion of brilliance
 e - a potion of magic
 h - a potion of attraction
 k - a potion of resistance


   Skills:
 + Level 4.2 Dodging
 + Level 4.5 Stealth
 - Level 3.0 Spellcasting
 + Level 3.2 Conjurations
 - Level 4.0 Air Magic


You had 4 spell levels left.
You knew the following spells:

 Your Spells              Type           Power        Failure   Level
a - Shock                 Conj/Air       72%          3%          1
b - Swiftness             Air            19%          3%          2
c - Static Discharge      Conj/Air       18%          9%          3

Your spell library contained the following spells:

 Spells                   Type           Power        Failure   Level
 Airstrike                Air            9%           26%         4
 Lightning Bolt           Conj/Air       9%           63%         5


Dungeon Overview and Level Annotations

Branches:
Dungeon (3/15)

Altars:
Elyvilon
Hepliaklqana
Uskayaw


Message History

You hear some strange, mumbled words.
A magic dart appears from out of thin air!
The magic dart hits you!
* * * LOW HITPOINT WARNING * * *
Something hits you.
* * * LOW HITPOINT WARNING * * *
Unknown command.
It was a potion of cancellation.
Your magical effects are unravelling.
You feel magically purged.
You feel a little less clever now.
Your resistance to elements expires.
Something hits you but does no damage.
You feel less attractive to monsters.
You are confused.
You feel invigorated.
You hear some strange, mumbled words.
A magic dart appears from out of thin air!
The magic dart hits you!
* * * LOW HITPOINT WARNING * * *
Something hits you.
You die...

♣.♣♣♣♣.♣
♣♣♣...♣♣♣♣
..o ♣.♣
♣.♣♣♣♣.♣.♣♣♣
...† ♣.♣♣
♣♣.♣♣.♣..♣♣
♣♣.♣
♣♣†..♣♣..♣
♣.♣♣
♣♣♣♣♣♣♣)♣♣
♣♣.♣ ♣..♣♣
♣.♣♣ ♣♣♣.♣
♣♣.♣ ♣{♣
♣.♣♣♣♣♣ ♣@♣♣
♣♣†♣♣.♣ ♣♣.♣
♣♣.†.♣♣♣ ♣.♣
♣♣♣...♣♣
♣.♣♣ ♣♣....♣
♣♣.♣♣
♣...(.♣ ♣..♣
♣♣....♣ ♣♣>♣
♣.♣(.♣♣ ♣♣♣
♣♣♣♣♣♣


There were no monsters in sight!

Vanquished Creatures
  A hound (D:3)
  Crazy Yiuf (D:2)
  A worker ant (D:3)
  5 adders
  A white imp (D:2)
  An ooze (D:3)
  7 worms (D:2)
  2 dart slugs
  3 leopard geckos
  2 orcs (D:3)
  3 giant cockroaches
  7 goblins
  7 hobgoblins
  A jackal (D:3)
  A quokka (D:2)
  A ball python (D:3)
  7 bats
  5 frilled lizards
  6 kobolds
  9 rats
71 creatures vanquished.

Notes
Turn   | Place    | Note
-------+----------+-------------------------------------------
     0 | D:1      | ABBCCCDDDD the Deep Elf Air Elementalist began the quest
                  | for the Orb.
     0 | D:1      | Reached XP level 1. HP: 10/10 MP: 6/6
   289 | D:1      | Reached XP level 2. HP: 15/15 MP: 5/8
   489 | D:1      | Learned a level 2 spell: Swiftness
  1092 | D:1      | Reached XP level 3. HP: 19/19 MP: 5/9
  1852 | D:2      | Found a runed translucent door.
  1853 | D:2      | Noticed Crazy Yiuf
  1860 | D:2      | Killed Crazy Yiuf
  1861 | D:2      | Reached XP level 4. HP: 24/24 MP: 5/10
  2066 | D:2      | Found a hide-covered altar of Uskayaw.
  2419 | D:2      | Found a white marble altar of Elyvilon.
  2509 | D:2      | Found a hazy altar of Hepliaklqana.
  2833 | D:3      | Reached XP level 5. HP: 28/28 MP: 4/11
  3130 | D:3      | Learned a level 3 spell: Static Discharge
  3602 | D:3      | HP: 1/28 [something (5)]
  3605 | D:3      | Slain by an orc wizard

Illustrated notes

Levels and vault maps discovered:
D:1:      dpeg_arrival_central, layout_loops_ring, dk_noncrumbling_2
D:2:      layout_basic, lemuel_doored_altar, eat_drink_and_be_merry_uskayaw,
          nzn_hepliaklqana_mist_gate, nrook_mini_vaults, uniq_crazy_yiuf_cottage
D:3:      kb_forest_paths, layout_basic, tgw_kikubaaqudgha

Skill      XL: |  1  2  3  4  5 |
---------------+----------------+-----
Stealth        | 3 4 |  4.5
Dodging        | 3 4 |  4.2
Conjurations   | 2 3 |  3.2
Air Magic      | 4 |  4.0
Spellcasting   | |  3.0

Action                   |  1- 3 |  4- 6 || total
-------------------------+-------+-------++-------
 Cast: Shock             |    87 |   106 ||   193
  Use: Potion            |       |     8 ||     8
Armor: Robe              |     2 |    13 ||    15
Dodge: Dodged            |     3 |    23 ||    26
